AoeStats
← testa

Arabia

503960391Analyzed
1v1 RM · 28d ago on Sep 3, 2026· 29m 48s· 2 players
Game mode
Random Map
Map size
Tiny (2 player)
Population
200
Speed
Normal
Resources
Standard
Victory
Conquest
Starting age
Dark Age
Ending age
Imperial Age
RankedLock teamsTeams togetherTeam positionsShared explorationLock speedFull tech treeHidden civsTurbo modeCheats
Victory
Defeat
🇨🇿 Teutons · Czechia
871
+17
🇮🇹 Japanese · Italy
888
-17
Gr3m1sek
6:22 Loom
9:28 Feudal Age
11:51 Double-Bit Axe
18:00 Fletching
22:14 Padded Archer Armor
25:29 Castle Age
23:58 Bloodlines
24:13 Scale Barding Armor
26:38 Bow Saw
27:36 Forging
29:27 Crossbowman
30:06 Bodkin Arrow
testa
11:08 Feudal Age
9:50 Loom
11:36 Man-at-Arms
13:20 Double-Bit Axe
13:18 Horse Collar
19:16 Scale Mail Armor
20:25 Forging
22:12 Padded Archer Armor
26:39 Castle Age
24:57 Gold Mining
26:09 Bloodlines
26:12 Scale Barding Armor
26:59 Long Swordsman
27:54 Crossbowman
29:14 Squires
Connection lost

Rejoining the realm…

Still unreachable

The connection could not be restored.

Session expired

The server has moved on; the page needs a fresh start.